 Dungeon Crawl Stone Soup version 0.24-a0-537-g2d01d4ab0a (webtiles) character file.

Game seed: 17085950869719346072

868 DEFE the Poker (level 7, 0/48 (50) HPs)
             Began as a Demonspawn Wanderer on Aug 12, 2019.
             Was a Follower of Okawaru.
             Slain by an orc (3 damage)
             ... on level 6 of the Dungeon.
             The game lasted 00:10:43 (7606 turns).

DEFE the Poker (Demonspawn Wanderer)                Turns: 7606, Time: 00:10:43

HP:   0/48 (50)     AC:  9    Str: 12 (14) XL:     7   Next: 73%
MP:   12/12         EV:  5    Int: 14 (15) God:    Okawaru [*.....]
Gold: 240           SH:  0    Dex: 11      Spells: 13/13 levels left

rFire    + . .     SeeInvis .   v - +1 trident
rCold    . . .     Gourm    .   (no shield)
rNeg     . . .     Faith    +   g - +1 chain mail (curse)
rPois    .         Spirit   .   (helmet restricted)
rElec    .         Reflect  .   (no cloak)
rCorr    .         Harm     .   (no gloves)
MR       .....     Rnd*Tele +   (no boots)
Stlth    ..........             h - amulet of faith
HPRegen  0.16/turn              u - +4 ring of slaying
MPRegen  0.13/turn              (no ring)

@: no status effects
A: antennae 2, fire resistance 1, robust 1, teleportitis 1
a: Heroism, Renounce Religion


You were on level 6 of the Dungeon.
You worshipped Okawaru.
Okawaru was aware of your devotion.
You were hungry.

You visited 2 branches of the dungeon, and saw 7 of its levels.

You collected 240 gold pieces.

Inventory:

Hand Weapons
 i - a +0 spear
 v - a +1 trident (weapon)
Missiles
 e - 137 stones
 k - 10 poisoned darts (quivered)
Armour
 g - a cursed +1 chain mail (worn)
Jewellery
 h - an amulet of faith (around neck)
 u - a +4 ring of slaying (left hand)
Scrolls
 c - a scroll of magic mapping
 j - 2 scrolls of immolation
 l - a scroll of remove curse
 o - a scroll of enchant armour
Comestibles
 r - 4 rations


   Skills:
 + Level 7.1 Polearms
 - Level 3.0 Throwing
 - Level 0.1 Dodging
 - Level 3.8 Spellcasting
   Level 4.0 Summonings
   Level 1.0 Earth Magic


You had 13 spell levels left.
You didn't know any spells.
Your spell library contained the following spells:

 Spells                   Type           Power        Failure   Level  Hunger
 Sandblast                Erth           #.....       100%        1    None
 Sting                    Conj/Pois      #...         100%        1    None
 Passwall                 Tmut/Erth      #.......     100%        2    ##.....
 Mephitic Cloud           Conj/Pois/Air  #.......     100%        3    ###....
 Stone Arrow              Conj/Erth      #.....       100%        3    ###....
 Petrify                  Tmut/Erth      #.......     100%        4    ####...
 Lee's Rapid Deconstruct  Erth           #.........   100%        5    ######.


Dungeon Overview and Level Annotations

Branches:
Dungeon (6/15)             Temple (1/1) D:5

Altars:
Ashenzari
Dithmenos
Elyvilon
Fedhas
Gozag
Okawaru
Trog
Uskayaw
Vehumet
Xom
Yredelemnul

Shops:
D:4 *


Innate Abilities, Weirdness & Mutations

You have a pair of antennae on your head.
Your flesh is heat resistant. (rF+)
You are robust. (+10% HP)
You are occasionally teleported next to monsters.


Message History

You puncture the howler monkey!
You kill the howler monkey!
Okawaru accepts your kill.
Your Polearms skill increases to level 7!
Unknown command.
You barely miss the orc. The orc barely misses you.
Your chain mail prevents you from hitting the orc.
The orc completely misses you.
Unknown command.
Your chain mail prevents you from hitting the orc.
The orc hits you with a +0 mace.
* * * LOW HITPOINT WARNING * * *
You take 1 damage, and have 3/48 hp.
Unknown command.
You puncture the orc!
You kill the orc!
Okawaru accepts your kill.
Unknown command.
You hit the orc. The orc hits you.
You die...

############
#.oo@.......
#.##########
#.#
#o#######
#o.......
#........
#........
#........
#........


You could see 2 orcs.

Vanquished Creatures
  Edmund (D:5)
  Purgy (D:3)
  A necrophage (D:5)
  A phantom (D:5)
  A centaur (D:5)
  A bullfrog (D:6)
  A scorpion (D:5)
  A howler monkey (D:6)
  An orc priest (D:6)
  A hound (D:4)
  An orc wizard (D:4)
  Jessica (D:2)
  An iguana (D:5)
  Robin (D:2)
  A gnoll (D:1)
  2 adders
  An adder skeleton (D:4)
  4 worms
  2 dart slugs
  3 leopard geckos
  3 orcs
  5 giant cockroaches
  15 goblins
  3 hobgoblins
  2 jackals
  A ball python (D:2)
  3 bats
  2 frilled lizards
  6 kobolds
  A leopard gecko skeleton (D:4)
  A quokka zombie (D:5)
  3 rats
72 creatures vanquished.

Notes
Turn   | Place    | Note
-------+----------+-------------------------------------------
     0 | D:1      | DEFE the Demonspawn Wanderer began the quest for the Orb.
     0 | D:1      | DEFE set off with the following items: a +0 club, a potion
                  | of curing, a +0 robe, a ration; and the following spells
                  | available to memorise: Sandblast, Sting, Passwall, Stone
                  | Arrow, Mephitic Cloud, Petrify, Lee's Rapid Deconstruction
     0 | D:1      | Reached XP level 1. HP: 13/13 MP: 4/4
   757 | D:1      | Gained mutation: You have a pair of small antennae on your
                  | head. [demonic ancestry]
   757 | D:1      | Reached XP level 2. HP: 15/19 MP: 6/6
  1652 | D:2      | Gained mutation: Your flesh is heat resistant. (rF+)
                  | [demonic ancestry]
  1652 | D:2      | Reached XP level 3. HP: 23/24 MP: 8/8
  1876 | D:2      | Noticed Robin
  1909 | D:2      | Gained mutation: You are occasionally teleported next to
                  | monsters. [potion of mutation]
  1909 | D:2      | Gained mutation: You are robust. (+10% HP) [potion of
                  | mutation]
  1927 | D:2      | Killed Robin
  2931 | D:2      | Reached XP level 4. HP: 28/33 MP: 9/9
  3296 | D:2      | Found a blossoming altar of Fedhas.
  3296 | D:2      | Found a radiant altar of Vehumet.
  3350 | D:2      | Noticed Jessica
  3367 | D:2      | Killed Jessica
  3367 | D:2      | Reached skill level 1 in Polearms
  3672 | D:3      | Reached skill level 2 in Polearms
  4079 | D:3      | Noticed Purgy
  4143 | D:3      | Killed Purgy
  4143 | D:3      | Reached skill level 3 in Polearms
  4143 | D:3      | Gained mutation: You have a pair of antennae on your head.
                  | [demonic ancestry]
  4143 | D:3      | Reached XP level 5. HP: 4/38 MP: 10/10
  4597 | D:3      | Found a shattered altar of Ashenzari.
  5411 | D:4      | Found Poumothru's General Store.
  5543 | D:4      | Reached skill level 4 in Polearms
  5543 | D:4      | Reached XP level 6. HP: 19/45 MP: 11/11
  5892 | D:5      | Entered Level 5 of the Dungeon
  6015 | D:5      | Found a staircase to the Ecumenical Temple.
  6025 | Temple   | Entered the Ecumenical Temple
  6035 | Temple   | Became a worshipper of Warmaster Okawaru
  6052 | D:5      | Noticed Edmund
  6365 | D:5      | Found a shimmering altar of Xom.
  6598 | D:5      | Reached skill level 5 in Polearms
  6605 | D:5      | Reached * piety under Okawaru
  6605 | D:5      | Reached XP level 7. HP: 13/50 MP: 12/12
  6917 | D:5      | Killed Edmund
  6917 | D:5      | Reached skill level 6 in Polearms
  7593 | D:6      | HP: 2/48 [howler monkey (3)]
  7598 | D:6      | Reached skill level 7 in Polearms
  7606 | D:6      | Slain by an orc

Levels and vault maps discovered:
D:1:      minmay_arrival_checkered_box, layout_basic, minivault_19,
          solitary_fountain
D:2:      layout_basic, amethyst_overflow_temple_binary, minmay_hexomino_f4,
          uniq_robin, uniq_jessica
D:3:      layout_rooms, nicolae_ashenzari_panopticon, uniq_purgy
D:4:      layout_rooms, serial_shops, nicolae_shop_stone, first_ration,
          chequers_serial_rivers_micro_d
D:5:      layout_basic, xom_teletrap_fun, minmay_temple_entry_mist, uniq_edmund
D:6:      layout_basic, serial_shops, shop_fountains
Temple:   eino_temple_rhombus

Skill      XL: |  1  2  3  4  5  6  7 |
---------------+----------------------+-----
Throwing       | 2 3 |  3.0
Polearms       | 3 4 5 7 |  7.1
Dodging        | |  0.1
Spellcasting   | |  3.8
Summonings     | |  4.0
Earth Magic    | |  1.0

Action                   |  1- 3 |  4- 6 |  7- 9 || total
-------------------------+-------+-------+-------++-------
Melee: Club              |    63 |       |       ||    63
       Spear             |   183 |   233 |    34 ||   450
       Trident           |       |       |    22 ||    22
Throw: Dart              |       |    52 |     5 ||    57
       Stone             |       |     1 |       ||     1
Invok: Heroism           |       |       |     1 ||     1
  Use: Potion            |     3 |     8 |       ||    11
       Scroll            |       |       |     6 ||     6
 Stab: Invisible         |     3 |       |       ||     3
  Eat: Chunk             |     1 |     6 |       ||     7
       Ration            |     2 |     1 |     1 ||     4
Armor: Chain mail        |   127 |   158 |    28 ||   313
       Robe              |     5 |       |       ||     5
       Skin              |       |    38 |       ||    38
Dodge: Dodged            |    72 |    64 |    13 ||   149

Table legend:
 A = Non-vault XP
 B = Vault XP
 C = Vault XP percentage of total XP
 D = Non-vault monster count
 E = Vault monster count
 F = Vault count percentage of total count
                 A         B        C        D         E       F
            +---------+---------+-------+---------+---------+-------
      Total |     867 |     374 |  30.1 |      55 |      17 |  23.6
            +---------+---------+-------+---------+---------+-------
        D:1 |      38 |       0 |   0.0 |      14 |       0 |   0.0
        D:2 |      42 |      76 |  64.4 |      14 |      15 |  51.7
        D:3 |      25 |     134 |  84.3 |       6 |       1 |  14.3
        D:4 |     104 |       0 |   0.0 |      10 |       0 |   0.0
        D:5 |     469 |     164 |  25.9 |       7 |       1 |  12.5
        D:6 |     189 |       0 |   0.0 |       4 |       0 |   0.0
            +---------+---------+-------+---------+---------+-------
